 Dungeon Crawl Stone Soup version 0.30.1-11-g7821555f0a (webtiles) character file.

Game seed: 18254589004719549093

311861 Peloso the Minotaur Barricade (level 20, -5/193 HPs)
             Began as a Minotaur Fighter on Nov 29, 2023.
             Was the Champion of Okawaru.
             Killed from afar by an ironbound frostheart (8 damage)
             ... by creeping frost
             ... on level 2 of the Vaults.
             The game lasted 02:22:17 (49632 turns).

Peloso the Minotaur Barricade (Minotaur Fighter)   Turns: 49632, Time: 02:22:20

Health: -5/193     AC: 26    Str: 24    XL:     20   Next: 43%
Magic:  20/20      EV: 16    Int:  8    God:    Okawaru [******]
Gold:   4657       SH: 37    Dex: 36    Spells: 19/19 levels left

rFire   + . .        b - +1 scimitar (heavy)
rCold   + + .        d - +1 tower shield of Hocuangir {rPois SInv}
rNeg    . . .        H - +4 plate armour of an ossuary {Dex+5}
rPois   +            R - +0 hat {Will+}
rElec   +            x - scarf {rC+ rF+}
rCorr   +            r - +1 pair of gloves {Dex+3}
SInv    +            C - +0 pair of boots {Fly}
Will    +++..        k - amulet "Fodyih" {Reflect +Blink rElec Will+ SH+5} Stlth
                     U - +6 ring of dexterity
HPRegen 0.52/turn    q - ring of Bicyklad {rC+ rCorr Int+3 Dex+6}
MPRegen 0.17/turn

%: reflection
@: flying, studying Earth Magic
A: horns 2, retaliatory headbutt
}: 2/15 runes: decaying, gossamer
a: Renounce Religion, Evoke Blink, Heroism, Finesse, Duel


You were on level 2 of the Vaults.
You worshipped Okawaru.
Okawaru was exalted by your worship.
You visited 8 branches of the dungeon, and saw 36 of its levels.
You also visited: Sewer, Bailey, Gauntlet, Ice Cave and Desolation.

You collected 5244 gold pieces.
You spent 587 gold pieces at shops.

Inventory:

Hand Weapons
 a - a +4 double sword of venom
 b - a +1 heavy scimitar (weapon)
 c - the +10 zealot's sword {holy, Zealotry, *Rage rN+ EV+3}
   (You took it off a deep elf annihilator on level 3 of the Elven Halls)

   Zealotry:  Whenever the wielder enters a berserk rage, their allies are
   berserked alongside them.
   EV:        It affects your evasion (+3).
   rN:        It protects you from negative energy.
   *Rage:     It berserks you when you make melee attacks (+20% chance).
 w - a +3 scimitar of flaming
Armour
 d - the +1 tower shield of Hocuangir (worn) {rPois SInv}
   (Okawaru gifted it to you on level 5 of the Lair of Beasts)

   rPois:     It protects you from poison.
   SInv:      It lets you see invisible.
 j - a +2 kite shield of reflection
 r - a +1 pair of gloves of dexterity (worn)
 x - a scarf of resistance (worn)
 C - a +0 pair of boots of flying (worn)
 H - the +4 plate armour of an ossuary (worn) {Dex+5}
   (You found it in a bailey)

   Dex:       It affects your dexterity (+5).
 R - a +0 hat of willpower (worn)
Jewellery
 h - a ring of willpower
 k - the amulet "Fodyih" (around neck) {Reflect +Blink rElec Will+ SH+5}
   (You took it off a ragged hierophant in the Desolation of Salt)

   [amulet of reflection]

   It reflects blocked missile attacks.
   rElec:     It insulates you from electricity.
   +Blink:    It lets you blink.
   SH:        It affects your SH (+5).
   Will:      It increases your willpower.
 q - the ring of Bicyklad (right hand) {rC+ rCorr Int+3 Dex+6}
   (You found it on level 10 of the Dungeon)

   [ring of dexterity]

   Int:       It affects your intelligence (+3).
   Dex:       It affects your dexterity (+6).
   rC:        It protects you from cold.
   rCorr:     It protects you from acid and corrosion.
 s - a ring of willpower
 u - the ring "Qutuwid" {rCorr MP+9 Str+2}
   (You took it off a deep elf annihilator on level 3 of the Elven Halls)

   [ring of magical power]

   Str:       It affects your strength (+2).
   MP:        It affects your magic capacity (+9).
   rCorr:     It protects you from acid and corrosion.
 y - an amulet of regeneration
 B - an amulet of guardian spirit
 Q - a ring of see invisible
 U - a +6 ring of dexterity (left hand)
 V - a ring of flight
Wands
 e - a wand of mindburst (11)
 i - a wand of roots (15)
 z - a wand of polymorph (10)
 E - a wand of flame (34)
 G - a wand of digging (2)
Scrolls
 g - 3 scrolls of teleportation
 n - 5 scrolls of poison
 o - a scroll of blinking
 t - a scroll of magic mapping
 F - 7 scrolls of immolation
 T - 5 scrolls of fear
Potions
 f - 3 potions of might
 l - 2 potions of brilliance
 m - 2 potions of mutation
 p - 8 potions of flight
 v - 5 potions of curing
 A - 2 potions of berserk rage
 D - 6 potions of haste
 J - 2 potions of resistance
 P - 7 potions of invisibility
 X - 6 potions of heal wounds


   Skills:
 + Level 20.2 Fighting
 + Level 21.2 Long Blades
 + Level 18.3 Armour
 + Level 7.8 Dodging
 + Level 3.0 Stealth
 O Level 27 Shields
 + Level 2.4 Invocations
 + Level 3.0 Evocations


You had 19 spell levels left.
You didn't know any spells.
Your spell library contained the following spells:

 Spells                   Type           Power      Damage    Failure   Level
 Apportation              Tloc           0%         N/A       95%         1
 Foxfire                  Conj/Fire      0%         2x1d4     95%         1
 Magic Dart               Conj           0%         1d3       95%         1
 Necrotise                Necr           0%         1d4       95%         1
 Sting                    Tmut/Pois      0%         1d3       95%         1
 Lesser Beckoning         Tloc           0%         N/A       99%         2
 Poisonous Vapours        Pois/Air       0%         N/A       99%         2
 Scorch                   Fire           0%         2d5       99%         2
 Searing Ray              Conj           0%         2d4       99%         2
 Static Discharge         Conj/Air       0%         2-2/arc   99%         2
 Sublimation of Blood     Necr           0%         N/A       99%         2
 Dazzling Flash           Conj/Hex       0%         N/A       100%        3
 Gell's Gravitas          Tloc           0%         N/A       100%        3
 Inner Flame              Hex/Fire       0%         N/A       100%        3
 Ozocubu's Armour         Ice            0%         N/A       100%        3
 Portal Projectile        Hex/Tloc       0%         N/A       100%        3
 Teleport Other           Tloc           0%         N/A       100%        3
 Vhi's Electric Charge    Tloc/Air       0%         N/A       100%        3
 Airstrike                Air            0%         2d(0-16)  100%        4
 Anguish                  Hex/Necr       0%         N/A       100%        4
 Cause Fear               Hex            0%         N/A       100%        4
 Flame Wave               Conj/Fire      0%         2d4       100%        4
 Fulminant Prism          Conj/Hex       0%         3d5       100%        4
 Leda's Liquefaction      Hex/Erth       0%         N/A       100%        4
 Olgreb's Toxic Radiance  Pois           0%         N/A       100%        4
 Passage of Golubria      Tloc           0%         N/A       100%        4
 Petrify                  Tmut/Erth      0%         N/A       100%        4
 Agony                    Necr           0%         N/A       100%        5
 Alistair's Intoxication  Tmut/Pois      0%         N/A       100%        5
 Arcjolt                  Conj/Air       0%         1d10      100%        5
 Blade Hands              Tmut           0%         N/A       100%        5
 Borgnjor's Vile Clutch   Necr/Erth      0%         N/A       100%        5
 Fireball                 Conj/Fire      0%         3d3       100%        5
 Irradiate                Conj/Tmut      0%         3d11      100%        5
 Lee's Rapid Deconstruct  Erth           0%         3d4*      100%        5
 Metabolic Englaciation   Hex/Ice        0%         N/A       100%        5
 Silence                  Hex/Air        0%         N/A       100%        5
 Yara's Violent Unravell  Hex/Tmut       0%         3d3       100%        5
 Conjure Ball Lightning   Conj/Air       0%         3x3d6     100%        6
 Eringya's Noxious Bog    Tmut/Pois      0%         N/A       100%        6
 Plasma Beam              Fire/Air       0%         2x1d11    100%        6
 Starburst                Conj/Fire      0%         6d3       100%        6
 Statue Form              Tmut/Erth      0%         N/A       100%        6
 Dragon Form              Tmut           0%         N/A       100%        7
 Enfeeble                 Hex            0%         N/A       100%        7
 Ozocubu's Refrigeration  Ice            0%         4d7       100%        7
 Discord                  Hex            0%         N/A       100%        8
 Disjunction              Tloc           0%         N/A       100%        8
 Ignition                 Fire           0%         3d3       100%        8
 Chain Lightning          Conj/Air       0%         N/A       100%        9
 Death's Door             Necr           0%         N/A       100%        9
 Fire Storm               Conj/Fire      0%         5d1       100%        9
 Polar Vortex             Ice            0%         N/A       100%        9
 Shatter                  Erth           0%         3d5*      100%        9
 Summon Small Mammal      Summ           Unusable   N/A       N/A         1
 Tukima's Dance           Hex            Unusable   N/A       N/A         3
 Animate Dead             Necr           Unusable   N/A       N/A         4
 Summon Lightning Spire   Summ/Air       Unusable   N/A       N/A         4
 Summon Forest            Summ/Tloc      Unusable   N/A       N/A         5
 Simulacrum               Ice/Necr       Unusable   N/A       N/A         6
 Summon Cactus Giant      Summ           Unusable   N/A       N/A         6
 Haunt                    Necr/Summ      Unusable   N/A       N/A         7

Dungeon Overview and Level Annotations

Branches:
Dungeon (15/15)            Temple (1/1) D:6            Lair (5/5) D:9
  Swamp (4/4) Lair:3       Spider (4/4) Lair:2        Slime (0/5) Lair:4
    Orc (2/2) D:10            Elf (3/3) Orc:2        Vaults (2/5) D:14
  Crypt (0/3) Vaults:2     Depths (0/4) D:15          Sewer (visited)
 Bailey (visited)           IceCv (visited)         Desolation (visited)
Gauntlet (visited)

Altars:
Ashenzari
Dithmenos
Elyvilon
Fedhas
Gozag
Hepliaklqana
Kikubaaqudgha
Makhleb
Nemelex Xobeh
Okawaru
Qazlal
Ru
Sif Muna
Trog
Uskayaw
Vehumet
Wu Jian
Xom
Yredelemnul
Zin
The Shining One

Shops:
D:10 !   Orc:1 (   Orc:2 [*(:   Elf:1 *   Vaults:1 =   Vaults:2 *

Annotations:
Lair:1 Casa
Elf:2 3 runed translucent doors


Innate Abilities, Weirdness & Mutations

You have a pair of horns on your head.
You reflexively headbutt those who attack you in melee.


Message History

The ironbound preserver is lightly wounded.
You block the ironbound preserver's attack.
You hit the ironbound preserver but do no damage.
You headbutt the ironbound preserver, but do no damage.
The ironbound preserver is lightly wounded.
You slice the ironbound convoker like a ripe choko!!!!
You kill the ironbound convoker!
Okawaru accepts your kill.
You block the ironbound preserver's attack.
You barely miss the deep troll. You headbutt the deep troll.
The deep troll is lightly wounded.
The ironbound preserver hits you but does no damage.
The deep troll bites you. You block the deep troll's attack.
The deep troll closely misses you.
The ironbound frostheart calls freezing cold from the walls.
The frost grips you! You resist.
You are encased in ice.
You slice the ironbound preserver!!
You headbutt the ironbound preserver, but do no damage.
The ironbound preserver is moderately wounded.
You block the ironbound preserver's attack.
The deep troll bites you!!
* * * LOW HITPOINT WARNING * * *
You block the deep troll's attack. x2
The ironbound frostheart calls freezing cold from the walls.
The frost grips you. You resist.
* * * LOW HITPOINT WARNING * * *
You hit the ironbound preserver.
The ironbound preserver is moderately wounded.
The ice encasing you melts away.
You block the ironbound preserver's attack.
The deep troll bites you!
* * * LOW HITPOINT WARNING * * *
The deep troll claws you!
* * * LOW HITPOINT WARNING * * *
The deep troll claws you!
* * * LOW HITPOINT WARNING * * *
The ironbound frostheart calls freezing cold from the walls.
The frost grips you! You resist.
You die...

.....###########~c...~ #.......#.
.....#.........'$..... #.......#.
.....#.........'..pc.! +.......#.
.....#.........#.p...^ #.......#.
.....#...^.....# ~...~ #.......#.
.....#........p# ...~ #######'#.
.....#..8...8p.#########.........
.....#........p#.................
.....#.........#@................
.....#.......ppTp...########.....
.....#..8...8)p#....#......#.....
.....#.........#....#......#.....
.....#.........#....#......#.....
....)#.........#....#......#.....
.....#..8...8..#....#......#
.....#.###+###.#....#......#
.....#.#.[...#.#....+.<....#


You could see an ironbound preserver, an ironbound frostheart (strong), a deep
troll (strong), a vault sentinel (strong) and an ironbound convoker (strong).

Vanquished Creatures
  Bai Suzhen (Swamp:4)
  Nikola (Spider:3)
  2 deep elf master archers (Elf:3)
  2 deep elf blademasters (Elf:3)
  An ancient champion (Vaults:2)
  A sphinx (Vaults:1)
  Gastronok (D:12)
  A tengu reaver (Vaults:1)
  2 thorn hunters (Swamp:4)
  Donald (Elf:3)
  A fenstrider witch (Swamp:3)
  Roxanne (Elf:2)
  3 imperial myrmidons (Desolation)
  5 vault wardens
  4 emperor scorpions (Spider:4)
  4 ghost moths (Spider:4)
  6 deep elf elementalists (Elf:3)
  3 deep elf sorcerers (Elf:3)
  An orc warlord (Orc:2)
  2 ironbound preservers (Vaults:1)
  An ironbound thunderhulk (Vaults:1)
  A reaper (Vaults:2)
  A broodmother (Spider:3)
  The ghost of mihai the Grappler, a journeyman TrFi of Hepliaklqana (Lair:5)
  5 deep elf demonologists (Elf:3)
  3 eleionomae
  6 deep elf annihilators (Elf:3)
  5 dire elephants
  A minotaur (Gauntlet)
  3 spark wasps
  3 deep elf death magi (Elf:3)
  5 bunyips
  2 shambling mangroves (Swamp:4)
  5 yaktaur captains
  An ice dragon (Lair:5)
  4 entropy weavers
  2 great orbs of eyes (Vaults:1)
  2 deep elf high priests (Elf:3)
  8 servants of whispers
  13 ragged hierophants (Desolation)
  3 ghost crabs
  5 vault guards
  23 hydras
  An ogre mage (D:14)
  10 peacekeepers (Desolation)
  4 jorogumos
  3 ironbound frosthearts (Vaults:1)
  A death knight (D:14)
  A catoblepas (D:13)
  8 centaur warriors
  A merfolk aquamancer (D:12)
  3 boulder beetles
  2 radroaches
  An alligator (shapeshifter) (Vaults:1)
  8 alligators
  A hell hog (Gauntlet)
  5 death yaks (Lair:5)
  16 dancing weapons
  The ghost of Ijustatesigmund the Geomancer, a journeyman GrEE of Cheibriados (D:11)
  2 vampire magi
  8 two-headed ogres
  A death scarab (Gauntlet)
  3 orc high priests (Orc:2)
  The ghost of alexxx the Summoner, a journeyman FeSu of Gozag (Lair:3)
  Nergalle (Lair:1)
  Sonja (Lair:4)
  The ghost of HourglassMan the Fighter, a novice DrFE of Vehumet (D:10)
  7 deep elf knights
  3 pharaoh ants
  2 sun moths (Spider:4)
  3 deep trolls (Vaults:2)
  7 goliath frogs
  12 skeletal warriors
  6 spriggan druids
  8 orb spiders
  12 ironbound convokers
  5 wizards
  7 deep elf archers
  A phantasmal warrior (Vaults:1)
  3 steelbarb worms
  6 bog bodies
  6 orc knights
  7 lindwurms
  13 swamp dragons
  25 wolf spiders
  2 necromancers
  5 orc sorcerers
  15 deep elf pyromancers
  23 deep elf zephyrmancers
  An oklob plant (D:11)
  A human zombie (Vaults:2)
  8 ugly things
  8 cyclopes
  3 will-o-the-wisps
  4 manticores
  3 moths of wrath
  2 centaur zombies (D:15)
  5 guardian serpents (Desolation)
  15 elephants
  5 vault sentinels (Vaults:1)
  3 black mambas
  3 water nymphs (D:12)
  9 torpor snails
  7 demonic crawlers
  A molten gargoyle (Desolation)
  2 naga magi (D:15)
  An ice statue (IceCv)
  6 yaktaurs
  7 cane toads
  A minotaur zombie (Gauntlet)
  2 centaur skeletons (D:15)
  2 freezing wraiths (D:14)
  3 efreet
  A tengu conjurer (D:15)
  10 komodo dragons
  3 ice devils
  3 rime drakes
  A yaktaur (shapeshifter) (Elf:2)
  11 polar bears
  3 meliai (Spider:2)
  12 trolls
  12 hornets
  35 tarantellas
  2 raiju (Lair:5)
  13 tyrant leeches
  79 saltlings
  8 blink frogs
  25 slime creatures
  A spectral black mamba (Gauntlet)
  22 jumping spiders
  2 spriggans
  2 shadows
  4 wraiths
  2 air elementals (Elf:3)
  6 wyverns
  A vampire (D:10)
  15 culicivoras
  3 fire elementals
  4 water elementals
  61 yaks
  A human (shapeshifter) (Elf:1)
  3 fire bats (Gauntlet)
  Grum (Lair:1)
  3 basilisks
  A steam dragon (D:6)
  60 redbacks
  7 vampire mosquitoes
  16 swamp worms
  8 wargs
  A glowing shapeshifter zombie (Vaults:2)
  3 harpy simulacra (IceCv)
  2 acid dragons
  The ghost of otna the Grave Robber, an amateur DENe (D:4)
  14 hell hounds
  8 water moccasins
  A hydra simulacrum (IceCv)
  Pargi (D:3)
  32 orc warriors
  9 swamp drakes
  4 sky beasts
  An ice beast (D:6)
  13 black bears
  15 ogres
  6 centaurs
  42 wolves
  A human skeleton (Vaults:2)
  2 phantoms
  3 kobold brigands
  16 bullfrogs
  A bullfrog (shapeshifter) (D:13)
  6 earth elementals
  34 scorpions
  A cane toad simulacrum (IceCv)
  7 two-headed ogre simulacra (IceCv)
  14 wights
  2 elephant simulacra (IceCv)
  An oklob sapling (D:11)
  13 electric eels
  9 killer bees
  2 howler monkeys
  4 hounds
  25 orc priests
  3 iguanas
  25 orc wizards
  2 sleepcaps
  A boggart zombie (D:15)
  A polar bear simulacrum (IceCv)
  7 troll simulacra (IceCv)
  3 spriggan simulacra (IceCv)
  A wolf simulacrum (IceCv)
  5 gnolls
  19 adders
  5 naga simulacra (IceCv)
  4 river rats
  3 shadow imps
  7 white imps
  10 ufetubi
  4 worms
  2 dart slugs
  99 orcs
  19 ball pythons
  15 bats
  8 endoplasms
  4 giant cockroaches
  15 goblins
  8 hobgoblins
  2 jackals
  6 quokkas
  5 frilled lizards
  25 kobolds
  5 rats
1558 creatures vanquished.

Vanquished Creatures (others)
  2 deep elf pyromancers
  3 deep elf zephyrmancers
  A will-o-the-wisp (Swamp:4)
  A hornet (Swamp:1)
  2 bloated husks
  A tarantella (Spider:2)
  A redback (Spider:4)
  An orc wizard (Orc:2)
  14 foxfires
26 creatures vanquished.

Grand Total: 1584 creatures vanquished

Notes
Turn   | Place    | Note
-------+----------+-------------------------------------------
     0 | D:1      | Peloso the Minotaur Fighter began the quest for the Orb.
     0 | D:1      | Reached XP level 1. HP: 19/19 MP: 0/0
   165 | D:1      | Reached XP level 2. HP: 27/27 MP: 1/1
   318 | D:1      | Reached skill level 4 in Shields
   633 | D:1      | Reached XP level 3. HP: 32/33 MP: 2/2
  1568 | D:2      | Reached XP level 4. HP: 40/40 MP: 3/3
  1863 | D:3      | Found a hazy altar of Hepliaklqana.
  1887 | D:3      | Reached skill level 1 in Dodging
  2089 | D:3      | Reached XP level 5. HP: 46/46 MP: 4/4
  2162 | D:3      | Noticed Pargi
  2175 | D:3      | Killed Pargi
  2176 | D:3      | Reached skill level 5 in Long Blades
  2314 | D:3      | Identified the +1 dagger of Wondrous Power {heavy, rPois
                  | Int+3}
  2454 | D:3      | Reached XP level 6. HP: 53/53 MP: 5/5
  3096 | D:4      | Found a runed translucent gate.
  3098 | D:4      | Found a runed translucent gate.
  3098 | D:4      | Found a runed translucent gate.
  3098 | D:4      | Noticed otna's ghost (amateur DENe)
  3404 | D:4      | Reached skill level 5 in Armour
  3634 | D:5      | Entered Level 5 of the Dungeon
  3645 | D:5      | Found a sparkling altar of Nemelex Xobeh.
  3656 | D:5      | Reached skill level 5 in Fighting
  3657 | D:5      | Reached XP level 7. HP: 61/61 MP: 6/6
  3880 | D:5      | Found a glowing drain.
  3905 | Sewer    | Entered a sewer
  4916 | D:5      | Reached skill level 5 in Shields
  4916 | D:5      | Reached XP level 8. HP: 59/69 MP: 7/7
  5221 | D:5      | Found a stormy altar of Qazlal.
  5221 | D:5      | Found a glowing golden altar of the Shining One.
  5225 | D:5      | Found a shimmering blue altar of Sif Muna.
  5326 | D:6      | Found a staircase to the Ecumenical Temple.
  5505 | D:6      | Reached skill level 1 in Stealth
  6016 | D:6      | Reached XP level 9. HP: 74/75 MP: 8/8
  6137 | Temple   | Entered the Ecumenical Temple
  6276 | Temple   | Became a worshipper of Warmaster Okawaru
  6674 | D:7      | Reached skill level 10 in Long Blades
  7101 | D:7      | Reached skill level 6 in Shields
  7458 | D:8      | Reached * piety under Okawaru
  7548 | D:8      | Noticed a two-headed ogre
  7555 | D:8      | Killed a two-headed ogre
  7718 | D:8      | Reached XP level 10. HP: 63/85 MP: 9/9
  7950 | D:8      | Found a bloodstained altar of Trog.
  8118 | D:9      | Reached skill level 1 in Evocations
  8192 | D:9      | Reached ** piety under Okawaru
  8267 | D:9      | Reached skill level 7 in Shields
  8315 | D:9      | Found a flagged portal.
  8330 | Bailey   | Entered a bailey
  8539 | Bailey   | Noticed an orc knight
  8724 | Bailey   | Killed an orc knight
  8724 | Bailey   | Reached *** piety under Okawaru
  8907 | Bailey   | Identified the +4 plate armour of an ossuary {Dex+5}
  9088 | D:9      | Reached skill level 8 in Shields
  9891 | D:9      | Found a staircase to the Lair.
 10302 | D:10     | Entered Level 10 of the Dungeon
 10340 | D:10     | Noticed a moth of wrath
 10414 | D:10     | Reached skill level 9 in Shields
 10414 | D:10     | Reached XP level 11. HP: 89/97 MP: 10/10
 10536 | D:10     | Found Madef's Distillery.
 10537 | D:10     | Found a staircase to the Orcish Mines.
 10552 | D:10     | Reached **** piety under Okawaru
 10558 | D:10     | Noticed a two-headed ogre
 10926 | D:10     | Reached skill level 10 in Armour
 10994 | D:10     | Killed a two-headed ogre
 11185 | D:10     | Bought a potion of heal wounds for 75 gold pieces
 11401 | D:10     | Found a transporter.
 11405 | D:10     | Noticed HourglassMan's ghost (novice DrFE)
 11420 | D:10     | Found a transporter.
 11529 | D:11     | Reached skill level 5 in Dodging
 11616 | D:11     | Reached ***** piety under Okawaru
 11632 | D:11     | Found a runed translucent door.
 11632 | D:11     | Found a shimmering altar of Xom.
 11632 | D:11     | Noticed Ijustatesigmund's ghost (journeyman GrEE)
 11632 | D:11     | Noticed a +2 broad axe of chaos
 11692 | D:11     | Noticed a two-headed ogre
 11697 | D:11     | Killed a two-headed ogre
 11722 | D:11     | Noticed a two-headed ogre
 11744 | D:11     | Killed a two-headed ogre
 11745 | D:11     | Reached skill level 10 in Shields
 11941 | D:11     | Identified the +5 robe of Whack-A-Mole {Rampage rPois Int-3
                  | Dex+7} (Okawaru gifted it to you on level 11 of the
                  | Dungeon)
 11941 | D:11     | Received a gift from Okawaru
 11950 | D:11     | Reached skill level 10 in Fighting
 12086 | D:11     | Noticed an oklob plant
 12337 | D:11     | Reached XP level 12. HP: 73/106 MP: 11/11
 12337 | D:11     | Paralysed by a hornet for 3 turns
 12699 | Lair:1   | Entered Level 1 of the Lair of Beasts
 12718 | Lair:1   | Found a frozen archway.
 12750 | IceCv    | Entered an ice cave
 14253 | Lair:1   | Reached skill level 11 in Shields
 14275 | Lair:1   | Reached skill level 15 in Long Blades
 14345 | Lair:1   | Noticed Grum
 14377 | Lair:1   | Killed Grum
 14541 | Lair:1   | Noticed a six-headed hydra
 14554 | Lair:1   | Noticed Nergalle
 14559 | Lair:1   | Received a gift from Okawaru
 14725 | Lair:1   | You fall into a shaft and drop 1 floor!
 14942 | Lair:2   | Reached skill level 12 in Shields
 15274 | Lair:2   | Received a gift from Okawaru
 15459 | Lair:2   | Reached XP level 13. HP: 116/116 MP: 12/12
 15491 | Lair:2   | Found a hole to the Spider Nest.
 15794 | Lair:1   | Killed Nergalle
 16053 | Lair:1   | Reached skill level 13 in Shields
 16934 | D:12     | Noticed Gastronok
 16948 | D:12     | HP: 5/118 [water nymph/the raging water (13)]
 17790 | D:12     | You fall into a shaft and drop 1 floor!
 17818 | D:13     | Reached skill level 14 in Shields
 17903 | D:13     | Identified the +5 chain mail "Vuaviekh" {rElec} (Okawaru
                  | gifted it to you on level 13 of the Dungeon)
 17903 | D:13     | Received a gift from Okawaru
 18147 | D:12     | Killed Gastronok
 19065 | Orc:1    | Entered Level 1 of the Orcish Mines
 19380 | Orc:2    | Entered Level 2 of the Orcish Mines
 19640 | Orc:2    | Found a staircase to the Elven Halls.
 20072 | Orc:2    | Reached XP level 14. HP: 100/127 MP: 13/13
 20078 | Orc:2    | Noticed an orc warlord
 20133 | Orc:2    | Killed an orc warlord
 20134 | Orc:2    | Reached skill level 15 in Shields
 20634 | Orc:2    | Reached skill level 1 in Invocations
 21019 | Orc:2    | Found Qoumpuw's General Store.
 21020 | Orc:2    | Found Rag Yguh's Book Emporium.
 21022 | Orc:2    | Found Feint's Antique Armour Shoppe.
 21022 | Orc:2    | Found Jextuiwipt's Antique Weapon Shoppe.
 21234 | Orc:1    | Found Zoapiuce's Antique Weapon Shoppe.
 22279 | Lair:3   | Found a runed translucent door.
 22282 | Lair:3   | Noticed alexxx's ghost (journeyman FeSu)
 22493 | Lair:3   | Received a gift from Okawaru
 22551 | Lair:3   | Found a staircase to the Swamp.
 22872 | Lair:4   | Noticed Sonja
 22878 | Lair:4   | Killed Sonja
 22879 | Lair:4   | Reached skill level 16 in Shields
 23402 | Lair:4   | Found a staircase to the Slime Pits.
 23975 | Lair:5   | Entered Level 5 of the Lair of Beasts
 23975 | Lair:5   | Noticed mihai's ghost (journeyman TrFi)
 23975 | Lair:5   | Found a runed translucent door.
 24040 | Lair:5   | Found a gate leading to a gauntlet.
 24061 | Gauntlet | Entered a Gauntlet
 24061 | Gauntlet | Found a transporter.
 24061 | Gauntlet | Found a transporter.
 24061 | Gauntlet | Found a runed translucent door.
 24061 | Gauntlet | Found a runed translucent door.
 24065 | Gauntlet | Found a runed translucent door.
 24067 | Gauntlet | Found a transporter.
 24069 | Gauntlet | Found a transporter.
 24069 | Gauntlet | Found a transporter.
 24071 | Gauntlet | Found a runed translucent door.
 24072 | Gauntlet | Found a transporter.
 24114 | Gauntlet | Found a transporter.
 24115 | Gauntlet | Found a transporter.
 24117 | Gauntlet | Found a transporter.
 24130 | Gauntlet | Found a transporter.
 24146 | Gauntlet | Found a transporter.
 24170 | Gauntlet | Found a transporter.
 24184 | Gauntlet | Found a transporter.
 24206 | Gauntlet | Found a transporter.
 24318 | Gauntlet | Identified the +2 pair of gloves "Bualor" {Stlth+}
 24360 | Gauntlet | Reached skill level 17 in Shields
 24366 | Gauntlet | Identified the staff of death "Reukukh" {rN+ Will+ Int+3}
 24381 | Gauntlet | Identified the +3 pair of gloves of Orthodoxy {Rampage
                  | Int+3}
 24437 | Gauntlet | Identified the +2 cloak "Quer Umu" {rElec Will- Int+6}
 24478 | Gauntlet | Identified the +1 pair of gloves of the Okapi {rC- Int+5}
 24503 | Gauntlet | Identified the ring of Buasobb {Will+++ rCorr Int+2 Slay-6
                  | SInv}
 24659 | Lair:5   | Reached XP level 15. HP: 137/137 MP: 15/15
 24976 | Lair:5   | Reached ****** piety under Okawaru
 26367 | Lair:5   | Identified the +1 tower shield of Hocuangir {rPois SInv}
                  | (Okawaru gifted it to you on level 5 of the Lair of Beasts)
 26367 | Lair:5   | Received a gift from Okawaru
 26379 | Lair:5   | Reached skill level 15 in Armour
 27135 | Lair:5   | Found a runed translucent door.
 27337 | Lair:5   | Reached skill level 18 in Shields
 27703 | Lair:5   | Killed mihai's ghost
 28187 | D:4      | Killed otna's ghost
 28405 | D:10     | Killed HourglassMan's ghost
 28413 | D:10     | Identified the ring of Bicyklad {rC+ rCorr Int+3 Dex+6}
 28538 | D:11     | Killed Ijustatesigmund's ghost
 28703 | Lair:3   | Killed alexxx's ghost
 29239 | D:14     | Found a gate to the Vaults.
 29287 | D:14     | Identified the +0 cloak "Deetibeh" {rC+} (Okawaru gifted it
                  | to you on level 14 of the Dungeon)
 29287 | D:14     | Received a gift from Okawaru
 29288 | D:14     | Reached skill level 19 in Shields
 29982 | D:14     | Reached skill level 15 in Fighting
 30118 | D:15     | Entered Level 15 of the Dungeon
 30363 | D:15     | Reached XP level 16. HP: 144/149 MP: 16/16
 30505 | D:15     | Identified the +1 leather armour "Buasatoa" {Str+2}
 31006 | D:15     | Found a staircase to the Depths.
 31023 | D:15     | Reached skill level 20 in Shields
 31221 | Spider:1 | Entered Level 1 of the Spider Nest
 31505 | Spider:1 | You fall into a shaft and drop 1 floor!
 31565 | Spider:2 | Identified the +0 ring mail of the Beginning {Harm}
 31669 | Spider:2 | Received a gift from Okawaru
 32050 | Spider:2 | Identified the +0 robe "Piri" {rC++ Int+2 Dex-2} (Okawaru
                  | gifted it to you on level 2 of the Spider Nest)
 32050 | Spider:2 | Received a gift from Okawaru
 32483 | Spider:2 | Reached skill level 21 in Shields
 33189 | Swamp:1  | Entered Level 1 of the Swamp
 33547 | Swamp:1  | You fall into a shaft and drop 1 floor!
 34320 | Swamp:1  | Reached XP level 17. HP: 140/158 MP: 17/17
 34353 | Swamp:2  | Reached skill level 22 in Shields
 34569 | Swamp:2  | Received a gift from Okawaru
 35519 | Swamp:4  | Entered Level 4 of the Swamp
 35860 | Swamp:4  | Identified the +2 cloak "Dizebod" {Harm rElec rPois Will+
                  | Str-5} (Okawaru gifted it to you on level 4 of the Swamp)
 35860 | Swamp:4  | Received a gift from Okawaru
 35897 | Swamp:4  | Noticed Bai Suzhen
 36064 | Swamp:4  | Reached skill level 23 in Shields
 36324 | Swamp:4  | Got a decaying rune of Zot
 36530 | Swamp:4  | Killed Bai Suzhen
 37482 | Spider:3 | Received a gift from Okawaru
 37649 | Spider:3 | Noticed Nikola
 37666 | Spider:3 | Killed Nikola
 37667 | Spider:3 | Reached XP level 18. HP: 159/170 MP: 16/18
 37894 | Spider:4 | Entered Level 4 of the Spider Nest
 38634 | Spider:4 | Reached skill level 24 in Shields
 40000 | Spider:4 | Identified the +7 falchion of Oqiugaowk {freeze, rN+ rCorr}
                  | (Okawaru gifted it to you on level 4 of the Spider Nest)
 40000 | Spider:4 | Received a gift from Okawaru
 40015 | Spider:4 | Identified the +1 pair of boots "Diaquen" {Rampage rPois
                  | rCorr Int-5}
 40023 | Spider:4 | Got a gossamer rune of Zot
 40400 | Elf:1    | Entered Level 1 of the Elven Halls
 40512 | Elf:1    | Found a crumbling gateway.
 40592 | Desolati | Entered the Desolation of Salt
 40871 | Desolati | Received a gift from Okawaru
 41159 | Desolati | Identified the +6 falchion of Action {freeze, rPois rCorr
                  | Int+2}
 41208 | Desolati | Reached skill level 25 in Shields
 41549 | Desolati | Identified the amulet "Fodyih" {Reflect +Blink rElec Will+
                  | SH+5}
 41599 | Desolati | Identified the +9 falchion of Hegantet {freeze, Stlth+}
                  | (Okawaru gifted it to you in the Desolation of Salt)
 41599 | Desolati | Received a gift from Okawaru
 41841 | Desolati | Reached XP level 19. HP: 180/180 MP: 19/19
 41853 | Desolati | Got the Compendium of Exhalation and Dislocation
 41894 | Desolati | Got Sif Muna's Lessons on Contamination and Abominable
                  | Rituals
 42235 | Desolati | Identified the +9 falchion of Ybuinin {heavy, rC+}
 42249 | Desolati | Got the Quarto of the Summer and the Compass
 42492 | Elf:1    | Identified the +3 war axe "Guxedwet" {freeze, rC+ Will+}
 42608 | Elf:1    | Found Voennish's Neck Hole.
 42625 | Elf:1    | Bought a scarf of resistance for 512 gold pieces
 43657 | Elf:2    | Identified the +5 scimitar of Urrag {distort, rPois MP+9
                  | Str-3 Dex+2} (Okawaru gifted it to you on level 2 of the
                  | Elven Halls)
 43657 | Elf:2    | Received a gift from Okawaru
 43739 | Elf:2    | Identified Roxanne's Directory of Therianthropy
 43739 | Elf:2    | Noticed Roxanne
 43765 | Elf:2    | Killed Roxanne
 44380 | Elf:2    | Found a runed translucent gate.
 44380 | Elf:2    | Found a runed translucent gate.
 44381 | Elf:2    | Found a runed translucent gate.
 44472 | Elf:3    | Entered Level 3 of the Elven Halls
 44548 | Elf:3    | Identified the +0 plate armour "Ebboem" {rCorr Str+3}
 44701 | Elf:3    | Reached skill level 26 in Shields
 44893 | Elf:3    | Noticed Donald
 44906 | Elf:3    | Killed Donald
 45183 | Elf:3    | Identified the +0 ring mail "Picyugejuro" {*Corrode Str+8}
                  | (Okawaru gifted it to you on level 3 of the Elven Halls)
 45183 | Elf:3    | Received a gift from Okawaru
 45458 | Elf:3    | Identified the ring "Qutuwid" {rCorr MP+9 Str+2}
 46043 | Elf:3    | Identified the staff of earth "Depan" {rPois}
 46370 | Elf:3    | Identified the +4 hand axe "Comom" {flame, rPois Dex+2}
 46422 | Elf:3    | Identified the staff of cold "Fafa" {rPois rC+ rCorr Str+3
                  | Stlth+}
 46749 | Vaults:1 | Entered Level 1 of the Vaults
 47178 | Vaults:1 | Reached XP level 20. HP: 162/191 MP: 20/20
 47240 | Vaults:1 | Found Egaoce's Jewellery Shop.
 47347 | Vaults:1 | Received a gift from Okawaru
 47450 | Vaults:1 | Reached skill level 27 in Shields
 47599 | Vaults:1 | HP: 2/177 [tengu reaver/bolt of poison (10)]
 48609 | Vaults:2 | Found Wyrios's General Store.
 48953 | Vaults:2 | Received a gift from Okawaru
 49257 | Vaults:2 | Found a staircase to the Crypt.
 49632 | Vaults:2 | HP: 3/193 [deep troll[an ironbound preserver] (10)]
 49632 | Vaults:2 | Killed from afar by an ironbound frostheart

Illustrated notes

Levels and vault maps discovered:
D:1:      kennysheep_arrival_forest, layout_loops_cross
D:2:      layout_basic
D:3:      layout_basic, mainiacjoe_overflow_brackets, minmay_door_square,
          uniq_pargi
D:4:      layout_loops_cross, gammafunk_ghost_nasty_kobolds
D:5:      layout_basic, minitemple, portal_sewer_entry_a
D:6:      minmay_diamond_boxcup, layout_cave_pools,
          minmay_temple_entry_from_below_a, nicolae_water_bricks, st_stairs_5
D:7:      layout_loops_ring, kennysheep_cross_bottleneck
D:8:      layout_basic, lightli_temple_of_fire
D:9:      layout_layer_cave, grunt_lair_entry_orc_guard_hut, enter_bailey_3,
          serial_bayou_lagoon_b
D:10:     layout_small_grid, orc_0_dummy, serial_shops,
          nicolae_shop_competitors_out_of_business,
          gammafunk_ghost_berserking_beasts
D:11:     layout_roguey, ebering_ghost_xom, st_stairs_12,
          introduction_to_nature_1
D:12:     layout_basic, nicolae_splish_splash, uniq_gastronok
D:13:     layout_rooms, kennysheep_nondescript
D:14:     layout_basic, lightli_vaults_fourway_checkpoint,
          hangedman_abyss_or_decor_jellyfish_corner
D:15:     grunt_enter_depths_magical_seal, layout_irregular_city,
          minmay_stone_trees_small
Temple:   nicolae_temple_elliptical
Lair:1:   layout_gridlike, portal_ice_cave_demonic_guard, serial_bayou_shore_a,
          uniq_nergalle, uniq_grum
Lair:2:   layout_hall_layers, spider_nest_entry_funnel_web
Lair:3:   layout_chaotic_city, skrybe_swamp_entry_bodies,
          ebering_ghost_inner_flame
Lair:4:   layout_cave_pods, slime_entry_1, nicolae_lair_run_with_the_wolves,
          uniq_sonja
Lair:5:   wormcave, layout_regular_city, hangedman_lair_caniforms_friends,
          gauntlet_entry_generic, hellmonk_ghost_happy_afterlife, minivault_26
Swamp:1:  layout_basic_swamp, nicolae_swamp_ascending_descending_big
Swamp:2:  layout_basic_swamp, evilmike_swamp_ruin_house_5, swamp_pool1
Swamp:3:  layout_basic_swamp, evilmike_swamp_ruin_house_1, swamp_pool3,
          cheibrodos_swamp_pet_leeches, infiniplex_staircase_pool
Swamp:4:  swamp, layout_basic_swamp, infiniplex_staircase_pool_2,
          uniq_bai_suzhen
Spider:1: layout_spider_delve
Spider:2: spiders_nest_a, nicolae_spider_webbed_stairs
Spider:3: layout_spider_delve, uniq_nikola
Spider:4: spider_rune_water, guppyfry_spider_mini_2
Orc:1:    layout_diamond_mine, serial_shops, nicolae_shop_back_alley_shop
Orc:2:    st_orc_congregation, layout_diamond_mine
Elf:1:    eino_elf_arrival_customs, layout_loops_ring,
          portal_desolation_entry_salt, serial_aquarium,
          aquarium_bridge_long_separate [aquarium_subvault_bridge,
          aquarium_subvault_bridge, aquarium_subvault_balcony,
          aquarium_subvault_wall, aquarium_subvault_bridge,
          aquarium_subvault_bridge], aquarium_window_fake, aquarium_window_fake,
          aquarium_view_2e, aquarium_pool_corner,
          nicolae_shop_sticking_my_neck_out
Elf:2:    nicolae_elf_blades_splatter_lattice [nooodl_blade_entry_preview],
          layout_geoelf_diagonals, nicolae_twisting_strands, uniq_roxanne
Elf:3:    elf_hall_gauntlet_narrow, layout_geoelf_grid, uniq_donald
Vaults:1: vaults_standard_mumra_lines, nicolae_vaults_tangram_1,
          nicolae_vaults_shipping_containers_5, nicolae_vaults_three_branches,
          nicolae_vaults_trapezoid_3, nicolae_vaults_closet_pinwheel_6,
          vaults_room_grunt_arrival_ludios, hangedman_vaults_trim, v_pattern_1,
          vaults_dpeg_diagonal, vaults_room_hallway, layout_vaults_ring,
          serial_shops, shop
Vaults:2: minmay_crypt_entry_simple_plaza, nicolae_vaults_little_guard_posts,
          v_misc_4, vaults_room_pools, ontoclasm_vaults_hangar,
          vaults_mumra_minichess, vaults_standard_mumra_x,
          layout_vaults_quadrants, serial_shops, shop

Skill      XL: |  1  2  3  4  5  6  7  8  9 10 11 12 13 14 15 16 17 18 19 20 |
---------------+-------------------------------------------------------------+-----
Armour         | 4 5 6 7 8 9 11 12 13 14 15 16 17 18 | 18.3
Shields        | 4 5 6 9 10 12 14 17 19 21 23 25 26 27 | 27.0
Fighting       | 4 5 6 7 9 10 11 12 13 15 16 17 18 19 20 | 20.2
Long Blades    | 3 4 5 6 8 9 11 12 14 15 16 17 18 19 20 21 | 21.2
Dodging        | 1 2 3 4 5 6 7 |  7.8
Stealth        | 1 2 3 |  3.0
Evocations     | 1 2 3 |  3.0
Invocations    | 1 2 |  2.4

Action                     |  1- 3 |  4- 6 |  7- 9 | 10-12 | 13-15 | 16-18 | 19-21 || total
---------------------------+-------+-------+-------+-------+-------+-------+-------++-------
  Melee: Long sword        |   101 |   150 |   381 |   872 |  1325 |       |       ||  2829
         Headbutt          |     9 |    18 |    70 |   230 |   459 |   522 |   226 ||  1534
         Scimitar          |       |       |       |       |   212 |  1160 |   281 ||  1653
         Double sword      |       |       |       |       |       |   661 |   435 ||  1096
 Invoke: Heroism           |       |       |       |     6 |    20 |    12 |     2 ||    40
  Evoke: Wand              |       |       |     6 |    19 |    10 |     6 |       ||    41
    Use: Potion            |     3 |       |       |     2 |     4 |     7 |     1 ||    17
         Scroll            |       |     3 |    11 |     6 |    13 |    13 |     4 ||    50
   Stab: Petrified         |       |       |       |       |     5 |       |       ||     5
 Armour: Scale mail        |    39 |       |       |       |       |       |       ||    39
         Chain mail        |    12 |    82 |   160 |    49 |       |       |       ||   303
         Plate armour      |       |       |       |   392 |   699 |   651 |   148 ||  1890
  Dodge: Dodged            |    74 |    98 |   220 |   418 |   448 |   632 |   137 ||  2027
  Block: Buckler           |    21 |    26 |    92 |   180 |       |       |       ||   319
         Kite shield       |       |       |       |   215 |  1064 |       |       ||  1279
         Tower shield      |       |       |       |       |   519 |  2839 |   956 ||  4314
         Reflection        |       |       |       |       |       |     1 |    63 ||    64
